 Seeded DCSS version 0.31.0-7-gf635a9b802 (webtiles) character file.

Game seed: 2 (custom seed)

1344 Kazon the Sneak (level 8, -1/54 HPs)
             Began as an Octopode Fighter on Jan 22, 2024.
             Was a Believer of Okawaru.
             Slain by a gnoll sergeant
             ... wielding a +3 spear of flaming
              (8 damage)
             ... on level 6 of the Dungeon on Jan 23, 2024.
             The game lasted 00:14:53 (2994 turns).

Kazon the Sneak (Octopode Fighter)                  Turns: 2994, Time: 00:14:53

Health: -1/54      AC:  5    Str: 15    XL:     8   Next: 62%
Magic:  0/9        EV: 15    Int: 11    God:    Okawaru [**....]
Gold:   225        SH:  0    Dex: 19    Spells: 7/7 levels left

rFire   . . .        d - +0 dagger (venom)
rCold   . . .        v - orb {mayhem}
rNeg    . . .        J - +0 hat
rPois   +            g - amulet of guardian spirit
rElec   .            i - +4 ring of slaying
rCorr   +            f - +4 ring of protection
SInv    .            B - ring of poison resistance
Will    .....        C - +6 ring of dexterity
Stlth   ++++         I - ring of resist corrosion
HPRegen 0.29/turn    (no ring)
MPRegen 0.11/turn    (no ring)
                     (no ring)

%: mayhem, guardian spirit
@: no status effects
A: almost no armour, amphibious, 8 rings, camouflage 1, gelatinous body 1,
(nimble swimmer 1), tentacles
a: Renounce Religion, Heroism


You were on level 6 of the Dungeon.
You worshipped Okawaru.
Okawaru was pleased with you.
You visited 2 branches of the dungeon, and saw 7 of its levels.
You also visited: Ossuary.

You collected 225 gold pieces.

Inventory:

Hand Weapons
 a - a +0 rapier
 d - a +0 dagger of venom (weapon)
Missiles
 e - 21 stones (quivered)
 h - 10 poisoned darts
Armour
 b - a +0 buckler
 v - an orb of mayhem (worn)
 J - a +0 hat (worn)
Jewellery
 f - a +4 ring of protection (right tentacle)
 g - an amulet of guardian spirit (around mantle)
 i - a +4 ring of slaying (left tentacle)
 B - a ring of poison resistance (on tentacle)
 C - a +6 ring of dexterity (on tentacle)
 I - a ring of resist corrosion (on tentacle)
Talismans
 y - a serpent talisman
Scrolls
 j - a scroll of poison {unknown}
 m - 3 scrolls of identify
 n - 5 scrolls of teleportation {unknown}
 p - 2 scrolls of enchant armour {unknown}
 r - 3 scrolls of vulnerability {unknown}
 u - a scroll of immolation
 w - a scroll of noise {unknown}
 E - 2 scrolls of torment {unknown}
Potions
 c - 4 potions of might
 k - a potion of enlightenment
 l - 3 potions of mutation {unknown}
 o - 2 potions of attraction {unknown}
 q - a potion of degeneration {unknown}
 s - 2 potions of cancellation {unknown}
 t - a potion of brilliance
 x - a potion of resistance {unknown}
 z - 3 potions of heal wounds {unknown}
 A - 2 potions of curing {unknown}
 D - a potion of ambrosia {unknown}
 F - 2 potions of lignification {unknown}
 G - a potion of berserk rage {unknown}
 H - a potion of haste {unknown}


   Skills:
 * Level 4.8 Fighting
 + Level 4.8 Short Blades
 * Level 3.2 Throwing
 * Level 4.6 Dodging
 + Level 5.7 Stealth
 * Level 4.5 Shields
 * Level 2.1 Invocations
 * Level 2.3 Shapeshifting


You had 7 spell levels left.
You didn't know any spells.
Your spell library was empty.

Dungeon Overview and Level Annotations

Branches:
Dungeon (6/15)             Temple (1/1) D:5         Ossuary (visited)

Altars:
Ashenzari
Cheibriados
Dithmenos
Elyvilon
Fedhas
Gozag
Hepliaklqana
Makhleb
Nemelex Xobeh
Okawaru
Qazlal
Ru
Sif Muna
Trog
Uskayaw
Vehumet
Wu Jian
Xom
Yredelemnul
Zin
The Shining One

Shops:
D:2 (   D:3 (


Innate Abilities, Weirdness & Mutations

You cannot wear most types of armour.
You are amphibious.
You can wear up to eight rings at the same time.
Your skin changes colour to match your surroundings (Stealth+).
Your rubbery body absorbs attacks. (AC +1, EV +1)
((You are camouflaged when in or above water. (Stealth+)))
You have tentacles for arms and can constrict up to eight enemies at once.


Message History

The gnoll sergeant hits the gnoll with a +3 spear of flaming!
The gnoll sergeant burns the gnoll.
The gnoll dies!
Okawaru accepts your kill. The gnoll barely misses you.
The gnoll closely misses the gnoll sergeant.
Unknown command.
The gnoll sergeant hits the gnoll with a +3 spear of flaming!
The gnoll sergeant burns the gnoll.
The gnoll dies!
Okawaru accepts your kill.
The gnoll sergeant hits the gnoll with a +3 spear of flaming.
The gnoll sergeant burns the gnoll.
The gnoll sergeant closely misses the gnoll.
Throw: 23 stones
Press: ? - help, Q - select action, (/) - cycle Shift-Dir - straight line, f - gnoll
Aim: a gnoll, wielding a +0 halberd (severely wounded, 69% to hit)
You throw a stone. The stone hits the gnoll.
The gnoll is almost dead.
The gnoll sergeant closely misses something.
The gnoll hits you from afar with a +0 halberd.
The gnoll sergeant hits the gnoll with a +3 spear of flaming!!
The gnoll sergeant burns the gnoll.
The gnoll dies!
Okawaru accepts your kill.
Throw: 22 stones
Press: ? - help, Q - select action, (/) - cycle Shift-Dir - straight line, f/p - gnoll
Aim: a gnoll, wielding a +0 halberd (almost dead, 69% to hit)
You throw a stone. The stone hits the gnoll.
You kill the gnoll!
Okawaru accepts your kill.
A centaur comes into view.
The gnoll sergeant hits you from afar with a +3 spear of flaming!
The gnoll sergeant burns you.
The gnoll sergeant hits you with a +3 spear of flaming!!
The gnoll sergeant burns you!
The gnoll sergeant hits you with a +3 spear of flaming!
* * * LOW HITPOINT WARNING * * *
The gnoll sergeant burns you!
You die...

#.# #.# #.# #.#
#.# #.# #.# #.#
#@#
......)g)...$.#
##.##.#.#######
....)# .## ...
.. #### .


You could see a neutral gnoll sergeant (fast, strong, frenzied).

Vanquished Creatures
  An orc warrior (D:5)
  2 centaurs (D:5)
  An ogre (D:3)
  A phantom (D:4)
  A scorpion (D:5)
  6 water moccasin zombies (Ossuary)
  A burial acolyte (Ossuary)
  A bombardier beetle (D:5)
  2 hounds
  An iguana (D:5)
  3 orc wizards (D:5)
  2 crocodile zombies (Ossuary)
  A bullfrog simulacrum (Ossuary)
  2 mummies (Ossuary)
  8 adders
  2 gnolls (D:6)
  4 adder zombies (Ossuary)
  3 dart slugs
  A ribbon worm (D:2)
  9 orcs
  3 ball pythons
  5 bats
  10 endoplasms
  2 giant cockroaches (D:3)
  10 gnoll zombies (Ossuary)
  8 goblins
  2 hobgoblins
  2 jackals (D:3)
  7 quokkas
  2 frilled lizards
  2 jackal zombies (Ossuary)
  2 kobolds
  4 orc zombies (Ossuary)
  4 rats
115 creatures vanquished.

Vanquished Creatures (collateral kills)
  3 gnolls (D:6)
3 creatures vanquished.

Grand Total: 118 creatures vanquished

Notes
Turn   | Place    | Note
-------+----------+-------------------------------------------
     0 | D:1      | Kazon the Octopode Fighter began the quest for the Orb.
     0 | D:1      | Reached XP level 1. HP: 16/16 MP: 1/1
    52 | D:1      | Reached XP level 2. HP: 21/21 MP: 2/2
   786 | D:2      | Found Weaqack's Weapon Shop.
   792 | D:2      | Reached XP level 3. HP: 26/26 MP: 1/3
   925 | D:2      | Reached skill level 1 in Stealth
  1056 | D:2      | Reached XP level 4. HP: 32/32 MP: 4/4
  1263 | D:3      | Found Hivuethe's Antique Weapon Shoppe.
  1308 | D:3      | Found a shimmering altar of Xom.
  1320 | D:3      | Found a shimmering altar of Xom.
  1320 | D:3      | Found a shimmering altar of Xom.
  1418 | D:3      | Reached skill level 1 in Throwing
  1469 | D:3      | Noticed an ogre
  1478 | D:3      | Killed an ogre
  1479 | D:3      | Reached skill level 2 in Stealth
  1479 | D:3      | Reached XP level 5. HP: 14/37 MP: 1/5
  1603 | D:4      | Noticed a phantom
  1627 | D:4      | Killed a phantom
  1628 | D:4      | Reached skill level 3 in Stealth
  1628 | D:4      | Reached XP level 6. HP: 43/43 MP: 6/6
  1653 | D:4      | Found a sacrificial altar of Ru.
  1987 | D:5      | Entered Level 5 of the Dungeon
  1996 | D:5      | Reached skill level 1 in Shapeshifting
  2027 | D:5      | Reached XP level 7. HP: 32/48 MP: 5/7
  2040 | D:5      | Reached skill level 4 in Stealth
  2051 | D:5      | Found a staircase to the Ecumenical Temple.
  2060 | Temple   | Entered the Ecumenical Temple
  2067 | Temple   | Became a worshipper of Warmaster Okawaru
  2152 | D:5      | Found a sand-covered staircase.
  2161 | Ossuary  | Entered an ossuary
  2166 | Ossuary  | Upgraded the game from 0.31.0-4-g52a2dc7128 to
                  | 0.31.0-7-gf635a9b802
  2226 | Ossuary  | Reached skill level 1 in Invocations
  2243 | Ossuary  | Reached * piety under Okawaru
  2291 | Ossuary  | Reached XP level 8. HP: 50/54 MP: 8/8
  2298 | Ossuary  | Reached skill level 5 in Stealth
  2761 | D:5      | Reached ** piety under Okawaru
  2994 | D:6      | Slain by a gnoll sergeant

Illustrated notes

Levels and vault maps discovered:
D:1:      lightli_arrival_noodles, layout_loops_ring, skrybe_limestone_x
D:2:      layout_rooms, serial_shops, shop
D:3:      layout_basic, xom_redecorated, serial_shops, nicolae_shop_stone
D:4:      layout_rooms, mainiacjoe_overflow_six_doors_small,
          minmay_misc_feat_five
D:5:      layout_loops_ring, temple_pool_b, mainiacjoe_ossuary_entry_dusty_tomb
D:6:      layout_loops_ring, dk_noncrumbling_3
Temple:   hellmonk_temple_of_storms

Skill      XL: |  1  2  3  4  5  6  7  8 |
---------------+-------------------------+-----
Stealth        | 1 2 3 4 5 |  5.7
Throwing       | 1 2 3 |  3.2
Short Blades   | 3 4 |  4.8
Fighting       | 4 |  4.8
Shapeshifting  | 1 2 |  2.3
Dodging        | 4 |  4.6
Shields        | 4 |  4.5
Invocations    | 1 2 |  2.1

Action                     |  1- 3 |  4- 6 |  7- 9 || total
---------------------------+-------+-------+-------++-------
  Melee: Rapier            |     7 |       |    78 ||    85
         Constrict         |    11 |    11 |    30 ||    52
         Tentacles         |     9 |    16 |    33 ||    58
         Dagger            |    39 |    66 |    32 ||   137
         Punch             |       |     1 |     3 ||     4
  Throw: Stone             |     4 |    11 |     6 ||    21
         Dart              |       |     7 |     3 ||    10
    Use: Scroll            |     2 |       |       ||     2
         Potion            |     1 |       |       ||     1
   Stab: Sleeping          |     5 |     7 |    16 ||    28
 Armour: Skin              |    10 |    23 |    39 ||    72
  Dodge: Dodged            |    20 |    33 |    35 ||    88
  Block: Buckler           |     7 |     9 |    16 ||    32
